 Dungeon Crawl Stone Soup version 0.29.1-15-g9cfb28693d (webtiles) character file.

Game seed: 14921862912710282346

651 sasquatch the Slicer (level 7, 0/51 HPs)
             Began as a Barachi Brigand on Mar 28, 2023.
             Succumbed to Dowan's poison
             ... on level 4 of the Dungeon.
             The game lasted 00:09:19 (3852 turns).

sasquatch the Slicer (Barachi Brigand)              Turns: 3852, Time: 00:09:20

Health: 0/51       AC: 11    Str: 12    XL:     7   Next: 53%
Magic:  7/7        EV:  9    Int: 12    God:
Gold:   238        SH:  0    Dex: 15    Spells: 6/6 levels left

rFire   . . .      SeeInvis .   p - +1 dagger (venom)
rCold   . . .      Faith    .   (no shield)
rNeg    . . .      Spirit   .   v - +0 scale mail
rPois   .          Reflect  .   (no helmet)
rElec   .          Harm     .   o - +1 cloak
rCorr   .          Rampage  .   c - +0 pair of gloves
Will    .....                   h - +0 pair of boots
Stlth   +.........              (no amulet)
HPRegen 0.17/turn               (no ring)
MPRegen 0.10/turn               (no ring)

@: mighty, lethally poisoned (0 -> -1), attractive, flying, slow
A: amphibious, slowness 1, strong legs 1, +LOS
a: Hop


You were on level 4 of the Dungeon.
You visited 1 branch of the dungeon, and saw 4 of its levels.

You collected 238 gold pieces.

Inventory:

Hand Weapons
 a - a +2 dagger
 p - a +1 dagger of venom (weapon)
Missiles
 d - 8 poisoned darts (quivered)
Armour
 b - a +1 robe of the Archmagi
 c - a +0 pair of gloves (worn)
 h - a +0 pair of boots (worn)
 o - a +1 cloak (worn)
 v - a +0 scale mail (worn)
Wands
 s - a wand of charming (11)
Scrolls
 g - a scroll of teleportation
 j - a scroll of acquirement {unknown}
 k - 2 scrolls of enchant weapon
 l - a scroll of identify
 r - a scroll of summoning
 w - a scroll of silence {unknown}
Potions
 f - 3 potions of degeneration
 i - 2 potions of resistance
 m - a potion of invisibility
 q - a potion of lignification
 z - a potion of haste {unknown}


   Skills:
 - Level 2.4 Fighting
 - Level 8.0 Short Blades
 - Level 2.0 Throwing
 + Level 4.3 Armour
 - Level 1.1 Dodging
 - Level 3.6 Stealth


You had 6 spell levels left.
You didn't know any spells.
Your spell library contained the following spells:

 Spells                   Type           Power      Damage    Failure   Level
 Static Discharge         Conj/Air       0%         3-3/arc   93%         2
 Dispel Undead            Necr           0%         3d6       100%        4
 Sticky Flame             Conj/Fire      0%         2d3       100%        4


Dungeon Overview and Level Annotations

Branches:
Dungeon (4/15)
 Temple: D:4-7

Altars:


Innate Abilities, Weirdness & Mutations

You are amphibious.
You cover ground slowly.
You can hop short distances.
You have an extended range of vision and can be seen from far away.


Message History

Dowan is almost dead.
You feel sick.
Throw: 10 darts (poison)
Press: ? - help, Shift-Dir - straight line, f/p - Dowan
Aim: Dowan, wielding a +2 dagger of venom and wearing a +0 robe (almost dead, fast, extremely poisoned, slow, 50% to hit)
You throw a poisoned dart. The poisoned dart hits Dowan.
Dowan looks as sick as possible!
Dowan is almost dead.
You feel sick.
Dowan points at you and mumbles some strange words.
The shard of ice hits you.
* * * LOW HITPOINT WARNING * * *
Okay, then.
Throw: 9 darts (poison)
Press: ? - help, Shift-Dir - straight line, f/p - Dowan
Aim: Dowan, wielding a +2 dagger of venom and wearing a +0 robe (almost dead, fast, extremely poisoned, slow, 50% to hit)
You throw a poisoned dart. The poisoned dart hits Dowan.
Dowan is almost dead.
* * * LOW HITPOINT WARNING * * *
You feel sick.
You closely miss Dowan.
Dowan is almost dead.
* * * LOW HITPOINT WARNING * * *
You feel sick. Dowan closely misses you.
Unknown command.
It was a potion of flight.
You feel very buoyant.
You fly up into the air.
* * * LOW HITPOINT WARNING * * *
You feel sick.
You kill Dowan!
Training target 8.0 for Short Blades reached!
Your Short Blades skill increases to level 8!
It was a potion of attraction.
You feel attractive to monsters.
* * * LOW HITPOINT WARNING * * *
You feel sick.
It was a potion of might.
You feel very mighty all of a sudden.
You die...

##†#.######...#####..
######..#.######.#........
...........................
.#####.###.........?..##...
#. #..)#####.######.#. ?.
##...# ...# #>#. #.
#####.#..### ..## ..
#..........# ..## #.#
#..@.......# #.# #
#..)..(....# #.
#.(.....(..# ##
#(.........# #..........#
#..........# #..........#
#..........# #..........#


There were no monsters in sight!

Vanquished Creatures
  Sigmund (D:4)
  Duvessa (D:4)
  Blork the orc (D:3)
  A scorpion (D:4)
  Dowan (D:4)
  A hound (D:3)
  Ijyb (D:3)
  Natasha (twice) (D:4 D:3)
  2 adders (D:2)
  An ufetubus (D:4)
  A worm (D:2)
  3 dart slugs
  An orc (D:3)
  13 endoplasms
  5 giant cockroaches
  12 goblins
  7 hobgoblins
  5 jackals
  10 kobolds
  3 quokkas
  6 ball pythons
  8 bats
  6 rats
92 creatures vanquished.

Vanquished Creatures (others)
  A fungus (D:3)
  5 plants (D:2)
6 creatures vanquished.

Grand Total: 98 creatures vanquished

Notes
Turn   | Place    | Note
-------+----------+-------------------------------------------
     0 | D:1      | sasquatch the Barachi Brigand began the quest for the Orb.
     0 | D:1      | Reached XP level 1. HP: 17/17 MP: 1/1
   340 | D:1      | Reached XP level 2. HP: 23/23 MP: 2/2
   347 | D:1      | Reached skill level 3 in Short Blades
   703 | D:1      | Reached XP level 3. HP: 28/28 MP: 3/3
   998 | D:1      | Reached skill level 4 in Short Blades
  1061 | D:2      | Found a faded altar of an unknown god.
  1217 | D:2      | Reached XP level 4. HP: 34/34 MP: 4/4
  1609 | D:2      | Reached skill level 5 in Short Blades
  2304 | D:3      | Noticed Ijyb
  2324 | D:3      | Killed Ijyb
  2325 | D:3      | Reached XP level 5. HP: 35/39 MP: 5/5
  2823 | D:4      | Noticed Sigmund
  2825 | D:4      | Noticed Duvessa
  3143 | D:4      | Noticed Natasha
  3151 | D:4      | Reached skill level 6 in Short Blades
  3151 | D:4      | Reached skill level 1 in Armour
  3156 | D:4      | Killed Natasha
  3157 | D:4      | Reached XP level 6. HP: 35/46 MP: 6/6
  3170 | D:4      | Noticed Natasha
  3229 | D:4      | Noticed Blork the orc
  3239 | D:3      | Killed Natasha
  3357 | D:4      | Killed Sigmund
  3358 | D:4      | Reached skill level 7 in Short Blades
  3550 | D:3      | Reached XP level 7. HP: 20/51 MP: 7/7
  3559 | D:3      | Killed Blork the orc
  3826 | D:4      | Noticed Dowan
  3832 | D:4      | Killed Duvessa
  3849 | D:4      | HP: 2/51 [poisoned by Dowan]
  3850 | D:4      | Killed Dowan
  3851 | D:4      | Reached skill level 8 in Short Blades
  3852 | D:4      | Succumbed to Dowan's poison

Illustrated notes

Levels and vault maps discovered:
D:1:      scummos_arrival_checkerplants, layout_basic,
          amcnicky_mini_rare_corridor_liquid, dk_noncrumbling_3
D:2:      layout_rooms, shapermc_ecumenical_altar_mp_ritualfount
D:3:      cheibrodos_greedy_goblins, layout_basic, uniq_crazy_yiuf_cottage,
          uniq_ijyb
D:4:      layout_rooms, serial_shops, kennysheep_mini_moat, uniq_grinder,
          uniq_blork_the_orc, uniq_duvessa, uniq_sigmund, uniq_natasha

Skill      XL: |  1  2  3  4  5  6  7 |
---------------+----------------------+-----
Short Blades   | 3 4 5 6 7 8 |  8.0
Armour         | 1 3 4 |  4.3
Fighting       | |  2.4
Throwing       | |  2.0
Dodging        | |  1.1
Stealth        | |  3.6

Action                   |  1- 3 |  4- 6 |  7- 9 || total
-------------------------+-------+-------+-------++-------
Melee: Dagger            |   119 |   189 |    19 ||   327
       Punch             |     5 |     2 |       ||     7
Throw: Dart              |       |     1 |     8 ||     9
 Abil: Hop               |     1 |     1 |       ||     2
  Use: Scroll            |       |     8 |       ||     8
       Potion            |       |     2 |     5 ||     7
 Stab: Sleeping          |     3 |     4 |       ||     7
Armor: Robe              |    41 |    14 |       ||    55
       Scale mail        |       |    58 |     8 ||    66
Dodge: Dodged            |    88 |    89 |     8 ||   185
